 Dungeon Sprint DCSS version 0.30.1-4-g462c640d31 (webtiles) character file.

Game seed: 5890831857769801856

299 Heoruswealwe the Covert (level 6, -13/29 HPs)
             Began as a Spriggan Artificer on Aug 29, 2023.
             Mangled by a yak (15 damage)
             ... in the Dungeon (Sprint I: "Red Sonja").
             The game lasted 00:02:36 (158 turns).

Heoruswealwe the Covert (Spriggan Artificer)         Turns: 158, Time: 00:02:37

Health: -13/29     AC:  4    Str:  8    XL:     6   Next: 13%
Magic:  7/7        EV: 22    Int: 12    God:
Gold:   351        SH:  0    Dex: 18    Spells: 5/5 levels left

rFire   . . .        a - +0 club
rCold   . . .        (no shield)
rNeg    . . .        m - +2 robe {Will+}
rPois   .            (helmet restricted)
rElec   .            (no cloak)
rCorr   .            (gloves unavailable)
SInv    +            (boots unavailable)
Will    ++...        (no amulet)
Stlth   +++++        (no ring)
HPRegen 0.24/turn    (no ring)
MPRegen 0.10/turn

%: no teleportation
@: very quick
A: very small, no large weapons, unfitting armour, see invisible, speed 3
a: no special abilities


You were in the Dungeon.
You visited 1 branch You collected 351 gold pieces.

Inventory:

Hand Weapons
 a - a +0 club (weapon)
Armour
 m - a +2 robe of willpower (worn)
Wands
 d - a wand of charming (15)
 e - a wand of iceblast (2)
 l - a wand of digging (3)
Scrolls
 k - a scroll of blinking
Potions
 f - a potion of curing
 g - a potion of heal wounds
 h - a potion of haste
 i - 2 potions of magic
 j - a potion of berserk rage


   Skills:
 - Level 0.7 Fighting
 + Level 8.2 Dodging
 * Level 12.6 Stealth
 * Level 11.3 Evocations


You had 5 spell levels left.
You didn't know any spells.
Your spell library was empty.

Dungeon Overview and Level Annotations

Branches:
Dungeon (1/1)

Altars:
Cheibriados
Dithmenos
Elyvilon
Fedhas
Hepliaklqana
Kikubaaqudgha
Okawaru
Qazlal
Ru
Sif Muna
Trog
Uskayaw
Vehumet
Wu Jian
Yredelemnul
Zin
The Shining One

Shops:
D (


Innate Abilities, Weirdness & Mutations

You are very small and have problems with some larger weapons.
You are too small for most types of armour.
You have supernaturally acute eyesight. (SInv)
You cover ground extremely quickly. (Speed+++)


Message History

* * * LOW HITPOINT WARNING * * *
The yak closely misses you.
You barely miss the yak.
The yak is heavily wounded.
The yak misses you.
You hit the yak but do no damage.
The yak is heavily wounded.
The yak misses you.
You hit the yak.
The yak is heavily wounded.
The yak misses you.
You hit the yak.
The yak is severely wounded.
The yak completely misses you. x2
You barely miss the yak.
The yak is severely wounded.
The yak barely misses you.
You barely miss the yak.
The yak is severely wounded.
The yak closely misses you.
You hit the yak.
The yak is severely wounded.
The yak closely misses you. The yak completely misses you.
You hit the yak but do no damage.
The yak is severely wounded.
The yak barely misses you.
You barely miss the yak.
The yak is severely wounded.
The yak gores you but does no damage.
You hit the yak.
The yak is severely wounded.
The yak gores you.
* * * LOW HITPOINT WARNING * * *
The yak gores you.
* * * LOW HITPOINT WARNING * * *
You barely miss the yak.
The yak is severely wounded.
The yak gores you!
Ouch! That really hurt!
You die...

################
#<.#..'..#..'..#
#..').#.@Y[.#..+
#..#####'#####'#
#..# #..#...#Y#
#..#__####..##|#
#).#_____##'#_.+
#⌠⌠#_.∩...'..._#
##.#_..__##_.#'#
#..#___ ##+#[#
##### ###


You could see a yak.

Vanquished Creatures
  Sigmund (D)
  An ogre (D)
  A jelly (D)
  Ijyb (D)
4 creatures vanquished.

Notes
Turn   | Place    | Note
-------+----------+-------------------------------------------
     0 | D        | Heoruswealwe the Spriggan Artificer began the quest for the
                  | Orb.
     0 | D        | Reached XP level 1. HP: 9/9 MP: 2/2
     1 | D        | Noticed Ijyb
     5 | D        | Killed Ijyb
     6 | D        | Reached skill level 5 in Stealth
     6 | D        | Reached XP level 2. HP: 14/14 MP: 3/3
    29 | D        | Noticed an ogre
    41 | D        | Killed an ogre
    42 | D        | Reached skill level 9 in Stealth
    42 | D        | Reached XP level 3. HP: 17/17 MP: 4/4
    42 | D        | Reached XP level 4. HP: 21/21 MP: 5/5
    60 | D        | Noticed Sigmund
    64 | D        | Killed Sigmund
    65 | D        | Reached skill level 12 in Stealth
    65 | D        | Reached XP level 5. HP: 25/25 MP: 6/6
    65 | D        | Reached XP level 6. HP: 29/29 MP: 7/7
    90 | D        | Found an ornate altar of the Wu Jian Council.
    90 | D        | Found a shimmering blue altar of Sif Muna.
    95 | D        | Found a radiant altar of Vehumet.
   119 | D        | Found Yngof's Weapon Emporium.
   119 | D        | Found an ancient bone altar of Kikubaaqudgha.
   119 | D        | Found a hazy altar of Hepliaklqana.
   119 | D        | Found a stormy altar of Qazlal.
   119 | D        | Found a hide-covered altar of Uskayaw.
   119 | D        | Found a blossoming altar of Fedhas.
   119 | D        | Found a bloodstained altar of Trog.
   119 | D        | Found an iron altar of Okawaru.
   119 | D        | Found a basalt altar of Yredelemnul.
   119 | D        | Found a glowing golden altar of the Shining One.
   119 | D        | Found a snail-covered altar of Cheibriados.
   119 | D        | Found a sacrificial altar of Ru.
   119 | D        | Found a glowing silver altar of Zin.
   119 | D        | Found a shadowy altar of Dithmenos.
   119 | D        | Found a white marble altar of Elyvilon.
   119 | D        | Noticed a yak
   158 | D        | Mangled by a yak

Illustrated notes

Levels and vault maps discovered:
D:        dungeon_sprint_1 [red_sonja_temple_1, red_sonja_temple_small_1]

Skill      XL: |  1  2  3  4  5  6 |
---------------+-------------------+-----
Dodging        | 4 6 7 8 |  8.2
Stealth        | 5 9 12 | 12.6
Evocations     | 6 8 11 | 11.3
Fighting       | |  0.7

Action                     |  1- 3 |  4- 6 || total
---------------------------+-------+-------++-------
  Melee: Club              |       |    23 ||    23
  Evoke: Wand              |     9 |    10 ||    19
 Armour: Robe              |       |     2 ||     2
  Dodge: Dodged            |       |    23 ||    23
